 Dungeon Crawl Stone Soup version 0.23.2 (webtiles) character file.

Game seed: 16294338952291135117

9013 Borgoz the Slicer (level 11, -15/94 HPs)
             Began as a Ghoul Enchanter on Apr 4, 2019.
             Was an Initiate of Ashenzari.
             Hit by a javelin thrown by Urug (23 damage)
             ... on level 10 of the Dungeon.
             The game lasted 00:28:16 (13418 turns).

Borgoz the Slicer (Ghoul Enchanter)                Turns: 13418, Time: 00:28:16

Health: -15/94     AC: 17    Str: 13    XL:     11   Next: 39%
Magic:  12/12      EV:  8    Int: 10    God:    Ashenzari [......]
Gold:   483        SH:  0    Dex: 12    Spells: 7/13 levels left

rFire    . . .     SeeInvis .   a - +2 dagger (venom)
rCold    + . .     Gourm    .   (no shield)
rNeg     + + +     Faith    .   y - +2 storm dragon scales
rPois    ∞         Spirit   .   (no helmet)
rElec    +         Reflect  .   p - scarf {repulsion}
rCorr    .         Harm     .   (no gloves)
MR       .....                  s - +1 pair of boots
Stlth    ..........             (no amulet)
HPRegen  0.00/turn              i - ring of wizardry
MPRegen  0.13/turn              (no ring)

@: rotting, repel missiles
A: rotting body, claws 1, carnivore, cold resistance 1, negative energy
resistance 3, inhibited regeneration, torment resistance, unbreathing
a: Curse Item, Renounce Religion


You were on level 10 of the Dungeon.
You worshipped Ashenzari.
Ashenzari was noncommittal.
You were hungry.

You visited 2 branches of the dungeon, and saw 12 of its levels.

You collected 744 gold pieces.
You spent 261 gold pieces at shops.

Inventory:

Hand Weapons
 a - a +2 dagger of venom (weapon)
 b - the +9 war axe "Killer Bee's Regret" {vamp, rElec rC- Str+6}
   (You found it on level 5 of the Dungeon)

   It inflicts no extra harm, but heals its wielder when it wounds a living foe.
   It affects your strength (+6).
   It makes you vulnerable to cold.
   It insulates you from electricity.
 v - a +2 dagger of freezing
Missiles
 n - 4 poisoned tomahawks
 r - 9 tomahawks (quivered)
Armour
 k - a +0 leather armour of cold resistance
 p - a scarf of repulsion (worn)
 s - a +1 pair of boots (worn)
 w - the cursed +1 ring mail of the Wasteland {rPois rC- Str+9}
   (You bought it in a shop on level 9 of the Dungeon)

   It affects your strength (+9).
   It makes you vulnerable to cold.
   It protects you from poison.
   It has a curse placed upon it.
 y - +2 storm dragon scales (worn)
Jewellery
 i - a ring of wizardry (left claw)
 t - an uncursed ring of flight
Wands
 m - a wand of flame (17)
 x - a wand of random effects (15)
Scrolls
 c - 5 scrolls of magic mapping
 e - 2 scrolls of identify
 h - a scroll of fog
 j - 6 scrolls of remove curse
 l - 6 scrolls of enchant weapon
 o - 2 scrolls of holy word {unknown}
Comestibles
 d - 25 rations


   Skills:
 + Level 7.8 Fighting
 * Level 9.3 Short Blades
 + Level 6.4 Armour
 + Level 6.8 Dodging
 + Level 5.5 Stealth
 - Level 1.7 Spellcasting
 + Level 3.9 Hexes
 - Level 3.0 Ice Magic
 + Level 3.0 Evocations


You had 7 spell levels left.
You knew the following spells:

 Your Spells              Type           Power        Failure   Level  Hunger
a - Corona                Hex            #......      47%         1    ##.....
b - Ensorcelled Hibernat  Hex/Ice        #.....       69%         2    ###....
c - Confuse               Hex            #.......     83%         3    ####...

Your spell library contained the following spells:

 Spells                   Type           Power        Failure   Level  Hunger
 Tukima's Dance           Hex            #.......     83%         3    ####...
 Animate Skeleton         Necr           N/A          94%         1    ##.....
 Pain                     Necr           #...         94%         1    ##.....
 Dazzling Spray           Conj/Hex       #.....       98%         3    ####...
 Agony                    Necr           #.......     100%        5    ######.
 Borgnjor's Vile Clutch   Necr/Erth      #.........   100%        5    ######.
 Disjunction              Tloc           #.........   100%        8    #######


Dungeon Overview and Level Annotations

Branches:
Dungeon (11/15)            Temple (1/1) D:7            Lair (0/6) D:8
    Orc (0/2) D:9

Altars:
Ashenzari
Cheibriados
Dithmenos
Elyvilon
Fedhas
Gozag
Hepliaklqana
Kikubaaqudgha
Makhleb
Nemelex Xobeh
Okawaru
Qazlal
Ru
Sif Muna
Trog
Uskayaw
Vehumet
Wu Jian
Xom
Yredelemnul
Zin
The Shining One
Beogh

Shops:
D:5 *   D:9 %*([

Annotations:
D:9 3 runed translucent doors, Lauz's ghost, journeyman CeHu
D:10 1 runed translucent door, PeterLawrence's ghost, novice MiFi; Urug


Innate Abilities, Weirdness & Mutations

Your body is rotting away.
You thrive on raw meat.
You are immune to poison.
You have sharp fingernails.
You are carnivorous and can eat meat at any time.
Your flesh is cold resistant. (rC+)
You are immune to negative energy. (rN+++)
You do not regenerate when monsters are visible.
You are immune to unholy pain and torment.
You can survive without breathing.


Message History

You hit Urug but do no damage.
Urug is lightly wounded.
Urug hits you with a +2 war axe!!
* * * LOW HITPOINT WARNING * * *
Urug throws a javelin.
The javelin hits you but does no damage.
You see here a javelin.
You see here a javelin.
Evoke which item? (* to show all) (? for menu, Esc to quit)
Okay, then.
You aren't carrying any potions.
Okay, then.
Urug throws a javelin.
The javelin is repelled.
Urug throws a javelin.
The javelin hits you!
* * * LOW HITPOINT WARNING * * *
You see here a javelin.
Urug throws a javelin.
The javelin completely misses you.
Urug roars.
Urug throws a javelin.
The javelin hits you!!
You die...

#..#......#
#..#......#
#..#..###.#
#..#......#
...#......# #
#......# #.
#......#
#..##+##).....#
#......#@(....#
#......#.#....#
#......'.#....#
##########...(..#
..........(....#
...)...........#
###..##...(....#
#..##o.......#
#...(........#


You could see Urug.

Vanquished Creatures
  Harold (Temple)
  2 two-headed ogres (D:10)
  Joseph (D:8)
  A centaur skeleton (D:10)
  Prince Ribbit (D:7)
  A hippogriff (D:7)
  A vampire (D:11)
  2 wyverns
  3 yaks (D:9)
  Menkaure (D:7)
  A black bear (D:7)
  2 ice beasts
  An orc warrior (D:10)
  An eye of draining (D:8)
  4 phantoms
  5 sky beasts
  A necrophage (D:8)
  An ogre (D:7)
  A centaur (D:7)
  A big kobold (D:8)
  Blork the orc (D:5)
  2 bullfrogs (D:9)
  2 wyvern zombies
  7 scorpions
  A killer bee (D:10)
  9 wights
  4 howler monkeys
  3 crimson imps
  A centaur zombie (D:8)
  6 hounds
  2 quasits
  4 bullfrog skeletons
  4 jellies
  15 orc priests
  4 iguanas
  15 orc wizards
  8 worker ants
  3 worker ant zombies
  13 adders
  3 gnolls (D:4)
  6 river rats (D:5)
  A hound simulacrum (D:9)
  7 shadow imps
  An ooze (D:5)
  4 adder skeletons
  4 dart slugs
  3 leopard geckos
  54 orcs
  6 giant cockroaches
  7 goblins
  6 hobgoblins
  9 jackals
  7 quokkas
  A ball python skeleton (D:5)
  8 bats
  5 frilled lizards
  3 hobgoblin zombies (D:8)
  5 kobolds
  A kobold zombie (D:8)
  3 orc skeletons (D:8)
  2 orc zombies (D:8)
  A quokka skeleton (D:4)
  23 rats
306 creatures vanquished.

Vanquished Creatures (others)
  A fungus (D:10)
  6 plants (D:10)
7 creatures vanquished.

Grand Total: 313 creatures vanquished

Notes
Turn   | Place    | Note
-------+----------+-------------------------------------------
     0 | D:1      | Borgoz the Ghoul Enchanter began the quest for the Orb.
     0 | D:1      | Reached XP level 1. HP: 14/14 MP: 2/2
    37 | D:1      | Reached skill level 1 in Short Blades
   267 | D:1      | Reached XP level 2. HP: 12/21 MP: 3/3
   278 | D:1      | Learned a level 2 spell: Ensorcelled Hibernation
   588 | D:1      | Reached skill level 1 in Fighting
   707 | D:1      | Reached XP level 3. HP: 26/28 MP: 4/4
  1179 | D:2      | Reached skill level 1 in Armour
  1271 | D:2      | Reached skill level 2 in Short Blades
  1385 | D:2      | Found a stormy altar of Qazlal.
  1416 | D:2      | Reached XP level 4. HP: 35/35 MP: 5/5
  2064 | D:2      | Found a blossoming altar of Fedhas.
  2067 | D:2      | Found an ancient bone altar of Kikubaaqudgha.
  2913 | D:3      | Reached XP level 5. HP: 34/41 MP: 6/6
  3180 | D:4      | Reached skill level 3 in Short Blades
  3378 | D:4      | Reached XP level 6. HP: 22/50 MP: 7/7
  4490 | D:5      | Entered Level 5 of the Dungeon
  4490 | D:5      | Noticed a sky beast
  4513 | D:4      | Reached skill level 4 in Short Blades
  4513 | D:4      | Reached XP level 7. HP: 33/55 MP: 8/8
  4929 | D:5      | Got a pitted war axe
  5166 | D:5      | Reached XP level 8. HP: 46/66 MP: 9/9
  5176 | D:5      | Reached skill level 5 in Short Blades
  5181 | D:5      | HP: 3/66 [sky beast (6)]
  5420 | D:5      | Found an iron altar of Okawaru.
  5428 | D:5      | Found a burning altar of Makhleb.
  5428 | D:5      | Found a deep blue altar of Sif Muna.
  5513 | D:5      | Found Haruurph Pina's Assorted Antiques.
  5652 | D:5      | Learned a level 3 spell: Confuse
  5898 | D:5      | Noticed Blork the orc
  5915 | D:5      | Killed Blork the orc
  6065 | D:5      | Reached skill level 6 in Short Blades
  6302 | D:5      | Reached skill level 5 in Fighting
  6618 | D:6      | Reached XP level 9. HP: 59/72 MP: 10/10
  7064 | D:6      | Reached skill level 5 in Dodging
  7116 | D:6      | Identified the Disquisition on Quantum Evil Arts
  7397 | D:6      | Found a shadowy altar of Dithmenos.
  7918 | D:7      | Reached skill level 7 in Short Blades
  7934 | D:7      | Noticed Prince Ribbit
  7957 | D:7      | HP: 2/75 [Prince Ribbit (4)]
  7958 | D:7      | Killed Prince Ribbit
  8046 | D:7      | Reached skill level 5 in Armour
  8192 | D:7      | Found a staircase to the Ecumenical Temple.
  8226 | Temple   | Entered the Ecumenical Temple
  8479 | D:7      | Noticed Menkaure
  8492 | D:7      | Killed Menkaure
  8813 | D:7      | Reached skill level 8 in Short Blades
  8813 | D:7      | Reached XP level 10. HP: 12/84 MP: 11/11
  8875 | D:7      | Noticed Harold
  9021 | D:8      | Reached skill level 1 in Ice Magic
  9574 | D:8      | Paralysed by an orc for 7 turns
  9587 | D:8      | Paralysed by an orc for 4 turns
  9603 | D:8      | Reached skill level 1 in Evocations
  9679 | D:8      | Noticed Joseph
  9702 | D:8      | Killed Joseph
  9908 | Temple   | Killed Harold
 10365 | D:7      | Found a sparkling altar of Nemelex Xobeh.
 10366 | D:7      | Found an opulent altar of Gozag.
 10585 | D:8      | Found a glowing golden altar of the Shining One.
 10858 | D:8      | Identified the +9 war axe "Killer Bee's Regret" {vamp,
                  | rElec rC- Str+6} (You found it on level 5 of the Dungeon)
 11086 | D:8      | Found a staircase to the Lair.
 11176 | D:9      | Found Xaqiud's Assorted Antiques.
 11183 | D:9      | Bought a bloodstained ring mail for 261 gold pieces
 11183 | D:9      | Identified the cursed +1 ring mail of the Wasteland {rPois
                  | rC- Str+9} (You bought it in a shop on level 9 of the
                  | Dungeon)
 11189 | D:9      | Found Cuosh's Weapon Shoppe.
 11191 | D:9      | Found a staircase to the Orcish Mines.
 11209 | D:9      | Found Ynamir's Armour Shoppe.
 11665 | D:9      | Found a runed translucent gate.
 11665 | D:9      | Found a runed translucent gate.
 11665 | D:9      | Found a runed translucent gate.
 11674 | D:9      | Noticed Lauz's ghost (journeyman CeHu)
 11742 | D:9      | Found a shattered altar of Ashenzari.
 11755 | D:9      | Became a worshipper of Ashenzari the Shackled
 11808 | D:9      | Found Zeoss's Food Shop.
 11830 | D:9      | Found a bloodstained altar of Trog.
 11831 | D:9      | Found a hide-covered altar of Uskayaw.
 11857 | D:9      | Reached XP level 11. HP: 58/92 MP: 12/12
 11996 | D:9      | Found a roughly hewn altar of Beogh.
 11997 | D:9      | Found the +2 ratskin cloak {+Rats rPois rN+ Str-1 Int-1
                  | Dex+1}
 11998 | D:9      | Identified the +8 plate armour of Maxel {*Slow +Inv rN+
                  | Regen+}
 12144 | D:10     | Entered Level 10 of the Dungeon
 12149 | D:10     | Reached skill level 9 in Short Blades
 12152 | D:10     | Noticed a two-headed ogre
 12159 | D:10     | Reached skill level 5 in Stealth
 12163 | D:10     | HP: 1/92 [two-headed ogre/+0 giant club (17)]
 12164 | D:10     | Killed a two-headed ogre
 12807 | D:10     | Found a runed translucent door.
 12811 | D:10     | Noticed PeterLawrence's ghost (novice MiFi)
 12811 | D:10     | Identified the +9 spear "Ugionwi" {pierce, +Fly MR+}
 13264 | D:10     | Noticed a two-headed ogre
 13319 | D:10     | Killed a two-headed ogre
 13404 | D:10     | Noticed Urug
 13418 | D:10     | Hit by a javelin thrown by Urug

Skill      XL: |  1  2  3  4  5  6  7  8  9 10 11 |
---------------+----------------------------------+-----
Short Blades   | 1 2 3 4 6 8 9 |  9.3
Dodging        | 2 3 4 5 6 |  6.8
Fighting       | 1 2 3 5 6 7 |  7.8
Armour         | 1 2 3 4 5 6 |  6.4
Ice Magic      | 2 3 |  3.0
Evocations     | 2 3 |  3.0
Stealth        | 4 5 |  5.5
Hexes          | 3 |  3.9
Spellcasting   | |  1.7

Action                   |  1- 3 |  4- 6 |  7- 9 | 10-12 || total
-------------------------+-------+-------+-------+-------++-------
Melee: Dagger            |   140 |   235 |   748 |   295 ||  1418
       War axe           |       |       |       |   195 ||   195
Evoke: Wand              |       |       |     5 |    25 ||    30
  Use: Scroll            |     4 |     6 |     5 |     8 ||    23
       Potion            |       |     3 |    12 |     6 ||    21
 Stab: Sleeping          |     7 |     9 |     2 |       ||    18
       Invisible         |       |       |     2 |       ||     2
       Paralysed         |       |       |     1 |     2 ||     3
       Distracted        |       |       |       |     1 ||     1
  Eat: Chunk             |    11 |    18 |    27 |    18 ||    74
Armor: Robe              |    38 |    11 |       |       ||    49
       Ring mail         |       |    58 |   176 |    79 ||   313
       Storm dragon scal |       |       |       |   105 ||   105
Dodge: Dodged            |   113 |   113 |   351 |   290 ||   867
       Deflected         |       |       |     2 |     3 ||     5
